 Dungeon Crawl Stone Soup version 0.19.5 (webtiles) character file.

88 mkm the Covered (level 4, -4/41 HPs)
             Began as a Minotaur Fighter on Feb 4, 2017.
             Killed from afar by an orc wizard (6 damage)
             ... with a magic dart
             ... on level 4 of the Dungeon on Mar 3, 2017.
             The game lasted 00:12:36 (1401 turns).

mkm the Covered (Minotaur Fighter)                  Turns: 1401, Time: 00:12:37

Health: -4/41      AC:  7    Str: 21    XL:     4   Next: 30%
Magic:  3/3        EV:  7    Int:  5    God:
Gold:   26         SH:  9    Dex: 10    Spells: 0 memorised, 3 levels left

rFire  . . .     SeeInvis .     a - +0 rapier
rCold  . . .     Gourm    .     b - +0 scale mail
rNeg   . . .     Faith    .     c - +0 shield
rPois  .         Spirit   .     (helmet restricted)
rElec  .         Reflect  .     (no cloak)
rCorr  .         Harm     .     (no gloves)
MR     .....                    (no boots)
Stlth  ..........               (no amulet)
                                (no ring)
                                (no ring)

@: no status effects
A: retaliatory headbutt, horns 2
a: no special abilities


You were on level 4 of the Dungeon.
You were not hungry.

You visited 1 branch of the dungeon, and saw 3 of its levels.

You collected 26 gold pieces.

Inventory:

Hand Weapons
 a - a +0 rapier (weapon)
 e - a +0 dagger
 h - a +0 club
Missiles
 g - 34 stones (quivered)
Armour
 b - a +0 scale mail (worn)
 c - a +0 shield (worn)
Jewellery
 m - an uncursed amulet of faith
Scrolls
 l - a scroll of identify
Potions
 d - a potion of cure mutation
 k - 2 potions of heal wounds
Comestibles
 j - a meat ration


   Skills:
 + Level 4.3 Fighting
 + Level 3.2 Short Blades
 + Level 4.4 Armour
 + Level 0.2 Dodging
 + Level 4.2 Shields


You had 3 spell levels left.
You didn't know any spells.

Dungeon Overview and Level Annotations

Branches:
Dungeon (4/15)             Temple (0/1) D:4

Altars:
Nemelex Xobeh


Innate Abilities, Weirdness & Mutations

You reflexively headbutt those who attack you in melee.
You have a pair of horns on your head.


Message History

As you read the scroll of teleportation, it crumbles to dust.
You feel strangely unstable. The ogre barely misses you.
Unknown command.
Your surroundings suddenly seem different.
An orc warrior comes into view. It is wielding a trident.
The orc warrior shouts!
An orc wizard comes into view. It is wielding a dagger.
The orc wizard shouts!
Found a fizzy coppery potion.
You block the orc wizard's attack.
The orc wizard mumbles some strange words.
The orc wizard blinks!
Found a scroll of remove curse.
Found a stone staircase leading down.
You block the orc warrior's attack.
The orc warrior hits you from afar with a trident!
* * * LOW HITPOINT WARNING * * *
Found a staircase to the Ecumenical Temple.
The orc wizard points at you and mumbles some strange words.
The magic dart hits you!
You die...

. .. ^ยง #.
#.#..#####
#........#######
...............###.
...#####o#####.>...
. #.o.@...#
..................
#.#..#.#.#.#.#.###
#............#
....#?...!..#.#
..##............# .
#.#...>...#....
#...........#.#


You could see an orc warrior and an orc wizard.

Vanquished Creatures
  4 adders
  An ooze (D:1)
  2 leopard geckos (D:2)
  8 hobgoblins
  3 jackals (D:2)
  A ball python (D:4)
  2 bats (D:1)
  7 goblins
  10 kobolds
  6 rats
44 creatures vanquished.

Notes
Turn   | Place    | Note
-------+----------+-------------------------------------------
     0 | D:1      | mkm the Minotaur Fighter began the quest for the Orb.
     0 | D:1      | Reached XP level 1. HP: 19/19 MP: 0/0
    40 | D:1      | Upgraded the game from 0.19.4 to 0.19.5
   157 | D:1      | Reached XP level 2. HP: 26/27 MP: 1/1
   350 | D:1      | Reached XP level 3. HP: 31/33 MP: 2/2
   979 | D:2      | Reached XP level 4. HP: 31/40 MP: 3/3
  1149 | D:2      | You fall through a shaft for 2 floors!
  1149 | D:4      | Noticed an ogre
  1158 | D:4      | HP: 1/41 [ogre/giant club (3)]
  1356 | D:4      | Found a sparkling altar of Nemelex Xobeh.
  1393 | D:4      | Noticed an orc warrior
  1397 | D:4      | Found a staircase to the Ecumenical Temple.
  1397 | D:4      | HP: 1/41 [orc warrior/trident (9)]
  1401 | D:4      | Killed from afar by an orc wizard

Skill      XL: |  1  2  3 |
---------------+----------+-----
Fighting       | 4 |  4.3
Armour         | 4 |  4.4
Shields        | 4 |  4.2
Short Blades   | 3 |  3.2
Dodging        | |  0.2

Action                   |  1- 3 |  4- 6 || total
-------------------------+-------+-------++-------
Melee: Rapier            |    85 |    23 ||   108
       Headbutt          |     8 |     3 ||    11
  Use: Scroll            |     2 |     3 ||     5
       Potion            |     5 |       ||     5
  Eat: Bread ration      |       |     1 ||     1
Armor: Scale mail        |    41 |     8 ||    49
Dodge: Dodged            |    29 |     8 ||    37
Block: Shield            |    61 |    14 ||    75
